 Dungeon Crawl Stone Soup version 0.28-a0-1235-g7c8fac35f0 (webtiles) character file.

Game seed: 17695992289987213214

32 r3xj the Covered (level 3, 0/33 HPs)
             Began as a Minotaur Fighter on Dec 24, 2021.
             Slain by a phantom (6 damage)
             ... on level 2 of the Dungeon.
             The game lasted 00:00:52 (1550 turns).

r3xj the Covered (Minotaur Fighter)                 Turns: 1550, Time: 00:00:53

Health: 0/33       AC:  7    Str: 22    XL:     3   Next: 8%
Magic:  2/2        EV:  9    Int:  5    God:
Gold:   30         SH:  4    Dex:  9    Spells: 2/2 levels left

rFire   . . .      SeeInvis .   a - +0 flail
rCold   . . .      Faith    .   c - +0 buckler
rNeg    . . .      Spirit   .   b - +0 scale mail
rPois   .          Reflect  .   (helmet restricted)
rElec   .          Harm     .   (no cloak)
rCorr   .          Rampage  .   (no gloves)
Will    .....                   (no boots)
Stlth   ..........              (no amulet)
HPRegen 0.11/turn               (no ring)
MPRegen 0.08/turn               (no ring)

@: no status effects
A: horns 2, retaliatory headbutt
a: no special abilities


You were on level 2 of the Dungeon.
You visited 1 branch of the dungeon, and saw 2 of its levels.

You collected 30 gold pieces.

Inventory:

Hand Weapons
 a - a +0 flail (weapon)
Armour
 b - a +0 scale mail (worn)
 c - a +0 buckler (worn)
Scrolls
 e - a scroll of teleportation {unknown}
 h - a scroll of amnesia {unknown}
Potions
 d - a potion of might
 f - a potion of attraction {unknown}
 g - a potion of curing {unknown}
 i - a potion of brilliance {unknown}


   Skills:
 + Level 4.0 Fighting
 * Level 3.1 Maces & Flails
 + Level 4.0 Armour
 - Level 4.0 Shields


You had 2 spell levels left.
You didn't know any spells.
Your spell library was empty.

Dungeon Overview and Level Annotations

Branches:
Dungeon (2/15)

Altars:


Innate Abilities, Weirdness & Mutations

You have a pair of horns on your head.
You reflexively headbutt those who attack you in melee.


Message History

You are too injured to fight recklessly!
A phantom is nearby!
You are too injured to fight recklessly!
A phantom is nearby!
You are too injured to fight recklessly!
A phantom is nearby!
You are too injured to fight recklessly!
A phantom is nearby!
You are too injured to fight recklessly!
A phantom is nearby!
You are too injured to fight recklessly!
A phantom is nearby!
You are too injured to fight recklessly!
A phantom is nearby!
You are too injured to fight recklessly!
A phantom is nearby!
You are too injured to fight recklessly!
A phantom is nearby!
You are too injured to fight recklessly!
A phantom is nearby!
You are too injured to fight recklessly!
A phantom is nearby!
You are too injured to fight recklessly!
A phantom is nearby!
You are too injured to fight recklessly!
A phantom is nearby!
You are too injured to fight recklessly!
A phantom is nearby!
You are too injured to fight recklessly!
You thump the phantom!
The phantom is moderately damaged.
The phantom hits you.
You hit the phantom.
The phantom is moderately damaged.
The phantom hits you.
* * * LOW HITPOINT WARNING * * *
You sock the phantom!
The phantom is severely damaged.
The phantom completely misses you. The phantom hits you.
You die...

#.#.#########
#.#.#...........#
###.#.'...........#
#...###...........#
#'#####..........$#
.....##...........#
.....##...........#
..................#
................@.#
.................W#
..........#########
.....######
########## .....##
###........#
......#
#.......##.#
......#
#.#.###.##.########
......#
#.#.###.##........#
......#
#.#.#.....#####.###


You could see a phantom.

Vanquished Creatures
  3 ball pythons (D:1)
  2 bats (D:1)
  2 endoplasms
  2 giant cockroaches (D:1)
  3 goblins
  3 hobgoblins
  A jackal (D:1)
  2 quokkas (D:1)
  5 frilled lizards (D:1)
  4 kobolds (D:1)
  A rat (D:2)
28 creatures vanquished.

Notes
Turn   | Place    | Note
-------+----------+-------------------------------------------
     0 | D:1      | r3xj the Minotaur Fighter began the quest for the Orb.
     0 | D:1      | Reached XP level 1. HP: 19/19 MP: 0/0
   380 | D:1      | Reached XP level 2. HP: 24/27 MP: 1/1
  1071 | D:2      | Reached XP level 3. HP: 33/33 MP: 2/2
  1539 | D:2      | Noticed a phantom
  1550 | D:2      | Slain by a phantom

Illustrated notes

Levels and vault maps discovered:
D:1:      lemuel_arrival_broad_hall, layout_loops_ring,
          chequers_serial_rivers_micro_d, minmay_pentomino_t4
D:2:      minmay_angry_zag, layout_basic,
          hellmonk_ecumenical_altar_slurped_away, uniq_robin

Skill      XL: |  1  2 |
---------------+-------+-----
Armour         | 4 |  4.0
Fighting       | 4 |  4.0
Shields        | 4 |  4.0
Maces & Flails | 3 |  3.1

Action                   || total
-------------------------++-------
Melee: Flail             ||    74
       Headbutt          ||     4
Armor: Scale mail        ||    31
Dodge: Dodged            ||    38
Block: Buckler           ||    15

Table legend: (Time is in decaauts)
 A = Elapsed time spent in this place.
 B = Non-inter-level travel time spent in this place.
 C = Inter-level travel time spent in this place.
 D = Time resting spent in this place.
 E = Time spent auto-exploring this place.
 F = Levels seen in this place.
 G = Mean time per level.
                   A        B        C        D        E       F      G
               +--------+--------+--------+--------+--------+-----+--------+
         Total |   1569 |   1560 |      9 |      0 |   1389 |   2 |  784.5 |
       Dungeon |   1569 |   1560 |      9 |      0 |   1389 |   2 |  784.5 |
               +--------+--------+--------+--------+--------+-----+--------+

Top non-repeatable levels by time:
     D:1: 1000 daAuts
     D:2: 568 daAuts
